 Dungeon Crawl Stone Soup version 0.25.0-1-g7eea58d (webtiles) character file.

Game seed: 5243808474382160480

753 Illumine the Chopper (level 7, 0/64 HPs)
             Began as a Deep Dwarf Fighter on June 23, 2020.
             Slain by a large slime creature (23 damage)
             ... on level 6 of the Dungeon.
             The game lasted 00:04:06 (3868 turns).

Illumine the Chopper (Deep Dwarf Fighter)           Turns: 3868, Time: 00:04:06

Health: 0/64       AC: 13    Str: 21    XL:     7   Next: 49%
Magic:  6/6        EV:  9    Int:  9    God:
Gold:   311        SH: 10    Dex: 12    Spells: 6/6 levels left

rFire    . . .     SeeInvis .   a - +1 war axe
rCold    . . .     Gourm    .   c - +0 kite shield
rNeg     . . .     Faith    .   b - +0 scale mail
rPois    .         Spirit   .   (no helmet)
rElec    .         Reflect  +   l - +0 cloak
rCorr    .         Harm     .   m - +0 pair of gloves
MR       +....                  (no boots)
Stlth    ..........             s - amulet of reflection
HPRegen  0.00/turn              (no ring)
MPRegen  0.10/turn              A - +4 ring of protection

@: non-regenerating
A: damage resistance, heal wounds, sense surroundings 1, no regeneration
a: Heal Wounds


You were on level 6 of the Dungeon.
You were not hungry.

You visited 1 branch of the dungeon, and saw 6 of its levels.

You collected 311 gold pieces.

Inventory:

Hand Weapons
 a - a +1 war axe (weapon)
 o - a +0 hand crossbow
 w - a +0 morningstar
Missiles
 g - 24 bolts
 n - 3 throwing nets (quivered)
Armour
 b - a +0 scale mail (worn)
 c - a +0 kite shield (worn)
 l - a +0 cloak (worn)
 m - a +0 pair of gloves (worn)
Jewellery
 s - an amulet of reflection (around neck)
 A - a +4 ring of protection (right hand)
Scrolls
 i - 7 scrolls of identify
 j - a scroll of remove curse
 z - a scroll of enchant armour {unknown}
Potions
 d - 2 potions of might
 e - a potion of flight {unknown}
 h - a potion of cancellation {unknown}
 k - 2 potions of stabbing {unknown}
 q - 2 potions of curing {unknown}
 r - a potion of haste {unknown}
 u - 2 potions of mutation {unknown}
 v - a potion of magic {unknown}
 x - a potion of lignification {unknown}
Comestibles
 f - 9 rations


   Skills:
 + Level 4.1 Fighting
 * Level 5.7 Axes
 + Level 4.9 Armour
 + Level 3.3 Dodging
 + Level 4.9 Shields


You had 6 spell levels left.
You didn't know any spells.
Your spell library was empty.

Dungeon Overview and Level Annotations

Branches:
Dungeon (6/15)
 Temple: D:4-7

Altars:
Uskayaw
Yredelemnul

Shops:
D:5 *

Annotations:
D:3 1 runed translucent door, Notta's ghost, novice DrFE
D:6 exclusion: oklob plant


Innate Abilities, Weirdness & Mutations

You are resistant to damage.
You can heal yourself by infusing magical energy.
You passively map a small area around you.
You do not regenerate.


Message History

The ooze quivers.
The jelly quivers.
Found a bat skeleton and a hobgoblin skeleton. 4 oozes, 2 jellies and 2 slime creatures come into view.
The ooze quivers.
The slime creature quivers.
The ooze quivers. x2
The jelly quivers.
The slime creature quivers.
The jelly quivers.
The ooze quivers.
The ooze barely misses you.
The jelly jiggles.
You block the ooze's attack.
The jelly hits the fungus.
The fungus is splashed with acid.
The acid corrodes the fungus!
Found two rat skeletons, three hobgoblin skeletons and a ration.
There is an open door here.
You hit the large slime creature.
The large slime creature is lightly wounded.
You block the large slime creature's attack.
You slash the large slime creature!
The large slime creature is lightly wounded.
The large slime creature hits you!!
The ooze hits something.
The large slime creature hits you!!
You die...

##..(..###..........#
#...†(.(##..........##
#..)....##.....####..#
#)..†...##.....# ##.#
#.(.)...######## #..
####.(..# ##.
##..'....# #.
#.######## #)
##....@J## #.
#######J#* #.
...JJJ.PJ# #.
.....J...# ##
.J÷..÷...# #
*÷÷.J...P÷# #
÷P..JP..÷# %........#
##########


You could see a large slime creature and 2 oozes.

Vanquished Creatures
  A centaur (D:6)
  A bullfrog (D:6)
  A big kobold (D:6)
  A wyvern skeleton (D:6)
  A scorpion (D:4)
  2 crimson imps
  2 hounds (D:4)
  2 orc priests (D:4)
  2 orc wizards
  An iguana (D:6)
  A worker ant (D:4)
  A worker ant zombie (D:6)
  3 adders
  A shadow imp (D:5)
  An adder skeleton (D:4)
  A worm (D:4)
  3 dart slugs
  6 leopard geckos
  10 orcs
  4 giant cockroaches
  8 goblins
  8 hobgoblins
  5 jackals
  2 quokkas
  A ball python (D:1)
  A ball python skeleton (D:6)
  5 bats
  A frilled lizard (D:2)
  8 kobolds
  7 rats
91 creatures vanquished.

Vanquished Creatures (others)
  A kobold (D:6)
  A fungus (D:6)
  12 toadstools (D:6)
14 creatures vanquished.

Grand Total: 105 creatures vanquished

Notes
Turn   | Place    | Note
-------+----------+-------------------------------------------
     0 | D:1      | Illumine the Deep Dwarf Fighter began the quest for the
                  | Orb.
     0 | D:1      | Reached XP level 1. HP: 20/20 MP: 1/1
   127 | D:1      | Reached XP level 2. HP: 25/27 MP: 2/2
   642 | D:2      | Reached XP level 3. HP: 28/34 MP: 3/3
   804 | D:2      | Reached skill level 1 in Dodging
  1202 | D:3      | Reached skill level 3 in Axes
  1265 | D:3      | Reached XP level 4. HP: 35/42 MP: 4/4
  1906 | D:3      | Found a runed translucent door.
  1912 | D:3      | Noticed Notta's ghost (novice DrFE)
  2036 | D:4      | Reached XP level 5. HP: 13/49 MP: 5/5
  2368 | D:4      | Reached skill level 4 in Axes
  2651 | D:4      | Found a basalt altar of Yredelemnul.
  2663 | D:4      | Reached XP level 6. HP: 51/56 MP: 6/6
  2785 | D:5      | Entered Level 5 of the Dungeon
  2839 | D:5      | Found Sulo's General Store.
  3125 | D:6      | Reached skill level 5 in Axes
  3125 | D:6      | Reached XP level 7. HP: 48/63 MP: 6/6
  3222 | D:6      | Found a hide-covered altar of Uskayaw.
  3222 | D:6      | Noticed an oklob plant
  3862 | D:6      | Noticed a slime creature
  3862 | D:6      | Noticed a slime creature
  3868 | D:6      | Slain by a large slime creature

Illustrated notes

Levels and vault maps discovered:
D:1:      psy_arrival_dodecagon, layout_basic, hex_intersection
D:2:      layout_basic, chequers_mini_garden, minmay_pentomino_z4
D:3:      layout_loops_corners, first_ration, gammafunk_ghost_grave,
          minmay_misc_feat_rows
D:4:      layout_gridville, yredelemnul_altar_generic
D:5:      layout_basic, serial_shops, nicolae_shop_competitors_out_of_business
D:6:      cheibrodos_fertilizer, layout_basic, lemuel_oklob_altar

Skill      XL: |  1  2  3  4  5  6  7 |
---------------+----------------------+-----
Fighting       | 3 4 |  4.1
Dodging        | 1 2 3 |  3.3
Axes           | 3 4 5 |  5.7
Armour         | 4 |  4.9
Shields        | 4 |  4.9

Action                   |  1- 3 |  4- 6 |  7- 9 || total
-------------------------+-------+-------+-------++-------
Melee: War axe           |    75 |   126 |    87 ||   288
 Abil: Heal Wounds       |       |     3 |       ||     3
  Use: Scroll            |       |     7 |       ||     7
       Potion            |       |     1 |       ||     1
  Eat: Chunk             |     1 |     6 |     3 ||    10
Armor: Scale mail        |    42 |    81 |    36 ||   159
Dodge: Dodged            |    31 |    42 |    26 ||    99
Block: Kite shield       |    43 |    62 |    50 ||   155
       Reflection        |       |     1 |     8 ||     9
